SL
ORLANDO CITY @ CHICAGO GOLD SOX
08/13/2017
 
TOP OF THE 1ST
Orlando City batting - Pitching for Chicago Gold Sox : RHP Devin Hinton
Pitching: RHP Devin Hinton
Batting: RHB Yoshio Matsuo 0-0: Ball
1-0: Foul Ball, location: 2F
1-1: Ground out 1-3 (Groundball, 23)
Batting: RHB Kurt Chappell 0-0: Ball
1-0: Called Strike
1-1: Ball
2-1: Swinging Strike
2-2: Strikes out swinging
Batting: LHB Tony Reynolds 0-0: Called Strike
0-1: Ball
1-1: Called Strike
1-2: SINGLE (Groundball, 13) (infield hit)
Batting: RHB Roberto Ramírez 0-0: Called Strike
0-1: Ball
1-1: Fly out, F8 (Flyball, 8LXD)
Top of the 1st over - 0 run(s), 1 hit(s), 0 error(s), 1 left on base; Orlando 0 - Chicago 0
BOTTOM OF THE 1ST
Chicago Gold Sox batting - Pitching for Orlando City : RHP César Vatgos
Pitching: RHP César Vatgos
Batting: LHB Noel Ballard 0-0: Ball
1-0: Ground out 5-3 (Groundball, 5)
Batting: LHB Earl Ellis 0-0: Ball
1-0: Ball
2-0: Called Strike
2-1: Swinging Strike
2-2: Foul Ball, location: 2F
2-2: Foul Ball, location: 2F
2-2: Ball
3-2: Foul Ball, location: 2F
3-2: Strikes out swinging
Batting: RHB Daniel Lallanilla 0-0: Foul Ball, location: 2F
0-1: DOUBLE (Groundball, 5L)
Batting: SHB Júlio García 0-0: Called Strike
0-1: Ball
1-1: Fly out, F3 (Popup, 3F)
Bottom of the 1st over - 0 run(s), 1 hit(s), 0 error(s), 1 left on base; Orlando 0 - Chicago 0
TOP OF THE 2ND
Orlando City batting - Pitching for Chicago Gold Sox : RHP Devin Hinton
Batting: LHB Emílio Sáenz 0-0: Ground out 4-3 (Groundball, 4)
Batting: RHB Forest Simmons 0-0: Ball
1-0: Called Strike
1-1: Called Strike
1-2: Foul Ball, location: 2F
1-2: Ball
2-2: Foul Ball, location: 2F
2-2: Strikes out swinging
Batting: RHB Guillermo Montoya 0-0: Ball
1-0: DOUBLE (Groundball, 5L)
Batting: LHB Morgan Carney 0-0: Called Strike
0-1: SINGLE (Groundball, 15) (infield hit)
Guillermo Montoya to third
Batting: RHB César Vatgos 0-0: Fielders Choice at 2nd, U6 (Groundball, 6MD)
Top of the 2nd over - 0 run(s), 2 hit(s), 0 error(s), 2 left on base; Orlando 0 - Chicago 0
BOTTOM OF THE 2ND
Chicago Gold Sox batting - Pitching for Orlando City : RHP César Vatgos
Batting: LHB Norm Ortega 0-0: Fly out, F9 (Popup, 89S)
Batting: LHB Ron Goodwin 0-0: Fly out, F9 (Flyball, 9D)
Batting: RHB Craig Stewart 0-0: Ball
1-0: Ball
2-0: Ball
3-0: Foul Ball, location: 2F
3-1: Foul Ball, location: 2F
3-2: Foul Ball, location: 2F
3-2: Fly out, F3 (Line Drive, 3S)
Bottom of the 2nd over - 0 run(s), 0 hit(s), 0 error(s), 0 left on base; Orlando 0 - Chicago 0
TOP OF THE 3RD
Orlando City batting - Pitching for Chicago Gold Sox : RHP Devin Hinton
Batting: RHB Yoshio Matsuo 0-0: Ball
1-0: Foul Ball, location: 2F
1-1: Ball
2-1: Fly out, F5 (Line Drive, 5)
Batting: RHB Kurt Chappell 0-0: Ball
1-0: Ball
2-0: Foul Ball, location: 2F
2-1: Ball
3-1: Base on Balls
Batting: LHB Tony Reynolds 0-0: Called Strike
0-1: Ball
1-1: Grounds into double play, 4-6-3 (Groundball, 4)
Top of the 3rd over - 0 run(s), 0 hit(s), 0 error(s), 0 left on base; Orlando 0 - Chicago 0
BOTTOM OF THE 3RD
Chicago Gold Sox batting - Pitching for Orlando City : RHP César Vatgos
Batting: RHB Leandro Tuzzi 0-0: Ball
1-0: SINGLE (Groundball, 56)
Batting: RHB Devin Hinton 0-0: Bunt missed!
0-1: Ball
Leandro Tuzzi steals 2nd base
1-1: Sac Bunt - play at first, batter OUT! 1-4
Leandro Tuzzi to third
Batting: LHB Noel Ballard 0-0: Ground out 5-3 (Groundball, 5S)
Batting: LHB Earl Ellis 0-0: Foul Ball, location: 2F
0-1: Swinging Strike
0-2: Ball
1-2: Ground out 4-3 (Groundball, 4)
Bottom of the 3rd over - 0 run(s), 1 hit(s), 0 error(s), 1 left on base; Orlando 0 - Chicago 0
TOP OF THE 4TH
Orlando City batting - Pitching for Chicago Gold Sox : RHP Devin Hinton
Batting: RHB Roberto Ramírez 0-0: Ball
1-0: Called Strike
1-1: Ball
2-1: Foul Ball, location: 2F
2-2: SINGLE (Groundball, 56D)
Batting: LHB Emílio Sáenz 0-0: Called Strike
0-1: Swinging Strike
0-2: Ball
1-2: Fly out, F7 (Flyball, 7M)
Batting: RHB Forest Simmons 0-0: Swinging Strike
0-1: DOUBLE (Line Drive, 3D)
Roberto Ramírez to third
Batting: RHB Guillermo Montoya 0-0: Ball
1-0: SINGLE (Groundball, 56D) (infield hit)
Roberto Ramírez scores
Forest Simmons to third
Batting: LHB Morgan Carney 0-0: Called Strike
0-1: Foul Ball, location: 2F
0-2: Ball
1-2: Ground out 1-3 (Groundball, 15S)
Guillermo Montoya to second
Batting: RHB César Vatgos 0-0: Ball
1-0: Foul Ball, location: 2F
1-1: Fly out, F7 (Flyball, 7M)
Top of the 4th over - 1 run(s), 3 hit(s), 0 error(s), 2 left on base; Orlando 1 - Chicago 0
BOTTOM OF THE 4TH
Chicago Gold Sox batting - Pitching for Orlando City : RHP César Vatgos
Batting: RHB Daniel Lallanilla 0-0: Ball
1-0: Called Strike
1-1: Swinging Strike
1-2: Ball
2-2: Ball
3-2: Ground out 6-3 (Groundball, 6)
Batting: SHB Júlio García 0-0: Called Strike
0-1: Swinging Strike
0-2: Strikes out swinging
Batting: LHB Norm Ortega 0-0: Ball
1-0: Ball
2-0: Ground out U3 (Groundball, 3S)
Bottom of the 4th over - 0 run(s), 0 hit(s), 0 error(s), 0 left on base; Orlando 1 - Chicago 0
TOP OF THE 5TH
Orlando City batting - Pitching for Chicago Gold Sox : RHP Devin Hinton
Batting: RHB Yoshio Matsuo 0-0: Ball
1-0: Foul Ball, location: 2F
1-1: Ball
2-1: Foul Ball, location: 2F
2-2: Strikes out swinging
Batting: RHB Kurt Chappell 0-0: Ground out U3 (Groundball, 3S)
Batting: LHB Tony Reynolds 0-0: Ball
1-0: Called Strike
1-1: SOLO HOME RUN (Line Drive, 89XD), Distance : 405 ft
Batting: RHB Roberto Ramírez 0-0: Called Strike
0-1: Ground out 6-3 (Groundball, 6)
Top of the 5th over - 1 run(s), 1 hit(s), 0 error(s), 0 left on base; Orlando 2 - Chicago 0
BOTTOM OF THE 5TH
Chicago Gold Sox batting - Pitching for Orlando City : RHP César Vatgos
Batting: LHB Ron Goodwin 0-0: Called Strike
0-1: Ball
1-1: SINGLE (Line Drive, 34D)
Batting: RHB Craig Stewart 0-0: Called Strike
0-1: SINGLE (Groundball, 56D)
Ron Goodwin to second
Batting: RHB Leandro Tuzzi 0-0: Ball
1-0: Called Strike
1-1: Ball
2-1: Ball
3-1: SINGLE (Line Drive, 78S)
Ron Goodwin to third
Craig Stewart to second
Batting: RHB Devin Hinton 0-0: Ball
1-0: Foul Ball, location: 2F
1-1: Fly out, F6 (Line Drive, 6)
Batting: LHB Noel Ballard 0-0: Ball
1-0: Foul Ball, location: 2F
1-1: Ball
2-1: Swinging Strike
2-2: Fly out, F7 (Flyball, 7M)
Runner from 3rd tags up, SCORES, throw made
Batting: LHB Earl Ellis 0-0: Called Strike
0-1: Swinging Strike
0-2: Ground out 4-3 (Groundball, 4)
Bottom of the 5th over - 1 run(s), 3 hit(s), 0 error(s), 2 left on base; Orlando 2 - Chicago 1
TOP OF THE 6TH
Orlando City batting - Pitching for Chicago Gold Sox : RHP Devin Hinton
Batting: LHB Emílio Sáenz 0-0: Ball
1-0: Foul Ball, location: 2F
1-1: Ball
2-1: Ball
3-1: SINGLE (Line Drive, 7S)
Batting: RHB Forest Simmons 0-0: Ball
1-0: SINGLE (Flyball, 9LS)
Emílio Sáenz to second
Runner from 2nd tries for 3rd, SAFE, no throw or cutoff
Batting: RHB Guillermo Montoya 0-0: Ball
Forest Simmons is caught stealing 2nd base
1-0: Swinging Strike
1-1: Foul Ball, location: 2F
1-2: SINGLE (Groundball, 4M)
Emílio Sáenz scores
Batting: LHB Morgan Carney 0-0: Called Strike
0-1: Ball
1-1: Ball
2-1: Swinging Strike
2-2: Grounds into double play, 6-4-3 (Groundball, 6)
Top of the 6th over - 1 run(s), 3 hit(s), 0 error(s), 0 left on base; Orlando 3 - Chicago 1
BOTTOM OF THE 6TH
Chicago Gold Sox batting - Pitching for Orlando City : RHP César Vatgos
Batting: RHB Daniel Lallanilla 0-0: SINGLE (Groundball, 6MD)
Batting: SHB Júlio García 0-0: Ball
1-0: Ball
2-0: Called Strike
2-1: Swinging Strike
2-2: Strikes out looking
Daniel Lallanilla steals 2nd base
Batter strikes out.
Batting: LHB Norm Ortega 0-0: Ball
1-0: Ground out 4-3 (Groundball, 4)
Daniel Lallanilla to third
Batting: LHB Ron Goodwin 0-0: Ball
1-0: Called Strike
1-1: Swinging Strike
1-2: Ball
2-2: Ground out 4-3 (Groundball, 4)
Bottom of the 6th over - 0 run(s), 1 hit(s), 0 error(s), 1 left on base; Orlando 3 - Chicago 1
TOP OF THE 7TH
Orlando City batting - Pitching for Chicago Gold Sox : RHP Devin Hinton
Batting: RHB César Vatgos 0-0: Swinging Strike
0-1: Foul Ball, location: 2F
0-2: Strikes out swinging
Batting: RHB Yoshio Matsuo 0-0: Foul Ball, location: 2F
0-1: Ball
1-1: Swinging Strike
1-2: Ball
2-2: Foul Ball, location: 2F
2-2: Foul Ball, location: 2F
2-2: Strikes out looking
Batting: RHB Kurt Chappell 0-0: Called Strike
0-1: Called Strike
0-2: Strikes out looking
Top of the 7th over - 0 run(s), 0 hit(s), 0 error(s), 0 left on base; Orlando 3 - Chicago 1
BOTTOM OF THE 7TH
Chicago Gold Sox batting - Pitching for Orlando City : RHP César Vatgos
Batting: RHB Craig Stewart 0-0: Foul Ball, location: 2F
0-1: Ground out 5-3 (Groundball, 56)
Batting: RHB Leandro Tuzzi 0-0: Ball
1-0: DOUBLE (Flyball, 89XD)
Pinch Hitting: LHB Ken Norman 0-0: Called Strike
Throwing error on steal attempt, E2
Leandro Tuzzi scores
0-1: Called Strike
0-2: Ball
1-2: Ball
2-2: Ball
3-2: Ground out 1-3 (Groundball, 13S)
Batting: LHB Noel Ballard 0-0: Fly out, F5 (Popup, 5SF)
Bottom of the 7th over - 1 run(s), 1 hit(s), 1 error(s), 0 left on base; Orlando 3 - Chicago 2
TOP OF THE 8TH
Orlando City batting - Pitching for Chicago Gold Sox : RHP Devin Hinton
Pitching: LHP Billy Black
Batting: LHB Tony Reynolds 0-0: Called Strike
0-1: Called Strike
0-2: Foul Ball, location: 2F
0-2: Ground out 6-3 (Groundball, 6)
Batting: RHB Roberto Ramírez 0-0: Called Strike
0-1: Foul Ball, location: 2F
0-2: Ball
1-2: Hit by Pitch
Pinch Runner at 1st Stan Lewis:
Pinch Hitting: RHB Cory Staton 0-0: Swinging Strike
0-1: Called Strike
0-2: Strikes out swinging
Batting: RHB Forest Simmons 0-0: Ball
1-0: Called Strike
1-1: Ball
2-1: Called Strike
2-2: Foul Ball, location: 2F
2-2: Ball
3-2: Foul Ball, location: 2F
3-2: Foul Ball, location: 2F
3-2: Base on Balls
Stan Lewis to second
Batting: RHB Guillermo Montoya 0-0: Ball
1-0: Called Strike
1-1: Fly out, F5 (Line Drive, 5S)
Top of the 8th over - 0 run(s), 0 hit(s), 0 error(s), 2 left on base; Orlando 3 - Chicago 2
BOTTOM OF THE 8TH
Chicago Gold Sox batting - Pitching for Orlando City : RHP César Vatgos
Now at C: Stan Lewis
Now in RF: Cory Staton
Batting: LHB Earl Ellis 0-0: Ball
1-0: Fly out, F8 (Flyball, 8RD)
Batting: RHB Daniel Lallanilla 0-0: Foul Ball, location: 2F
0-1: Ball
1-1: SINGLE (Groundball, 4MD) (infield hit)
Batting: SHB Júlio García 0-0: Called Strike
0-1: Ball
1-1: Fly out, F7 (Flyball, 7S)
Batting: LHB Norm Ortega 0-0: Ball
1-0: Ball
2-0: Ball
3-0: Called Strike
3-1: Ground out 4-3 (Groundball, 4)
Bottom of the 8th over - 0 run(s), 1 hit(s), 0 error(s), 1 left on base; Orlando 3 - Chicago 2
TOP OF THE 9TH
Orlando City batting - Pitching for Chicago Gold Sox : LHP Billy Black
Pitching: RHP John Hicks
Batting: LHB Morgan Carney 0-0: Ball
1-0: Swinging Strike
1-1: Called Strike
1-2: Strikes out looking
Pinch Hitting: LHB Chris Rice 0-0: Ball
1-0: SINGLE (Line Drive, 89M)
Batting: RHB Yoshio Matsuo 0-0: 2-RUN HOME RUN (Flyball, 8RXD), Distance : 425 ft
Pitching: RHP Justin Reynolds
Batting: RHB Kurt Chappell 0-0: Ball
Error on foul ball, E3
1-1: Fly out, F7 (Flyball, 7D)
Batting: LHB Tony Reynolds 0-0: Called Strike
0-1: Foul Ball, location: 2F
0-2: Ground out 3-1 (Groundball, 34)
Top of the 9th over - 2 run(s), 2 hit(s), 1 error(s), 0 left on base; Orlando 5 - Chicago 2
BOTTOM OF THE 9TH
Chicago Gold Sox batting - Pitching for Orlando City : RHP César Vatgos
Pitching: RHP Craig Moody
Batting: LHB Ron Goodwin 0-0: Called Strike
0-1: Ball
1-1: Ground out 6-3 (Groundball, 6)
Batting: RHB Craig Stewart 0-0: Swinging Strike
0-1: Swinging Strike
0-2: Foul Ball, location: 2F
0-2: Foul Ball, location: 2F
0-2: SINGLE (Line Drive, 56D)
Batting: RHB Leandro Tuzzi 0-0: Ball
1-0: Foul Ball, location: 2F
1-1: Ball
2-1: Grounds into double play, 6-4-3 (Groundball, 6MD)
Bottom of the 9th over - 0 run(s), 1 hit(s), 0 error(s), 0 left on base; Orlando 5 - Chicago 2
This league is powered by Out of the Park Baseball, the baseball management simulation game for PC, Mac and Linux
Saturday, February 27th, 2021 - OOTP Baseball 15.6 Build 34